[Event "Titled Tuesday Blitz June 27 Early 2023"]
[White "Zuriel, Marisa"]
[Black "Tokman, Ariel"]
[WhiteFideId "109142"]
[BlackFideId "117420"]
[WhiteElo "2226"]
[BlackElo "2464"]
[Result "0-1"]
[Round "3"]
[TimeControl "180+2"]
[Date "2023.06.27"]
[WhiteClock "0:01:32"]
[BlackClock "0:01:05"]
[Board "208"]

1. e4 d6 2. d4 Nf6 3. Nc3 Nbd7 4. e5 dxe5 5. dxe5 Nxe5 6. Qe2 Nc6 7. Bd2 e6 8. O-O-O Bd7 9. f4 Bd6 10. Nf3 Qe7 11. Ne5 O-O-O 12. g3 Nd5 13. Bg2 Nxc3 14. Bxc3 Nxe5 15. fxe5 Bc5 16. Rhf1 a6 17. Qg4 Bb5 18. Rfe1 g6 19. Kb1 Rxd1+ 20. Rxd1 Rd8 21. a3 Rxd1+ 22. Qxd1 Qd7 23. Qf3 Bc6 24. Qf1 Bxg2 25. Qxg2 Qd1+ 26. Ka2 Qd5+ 27. Qxd5 exd5 28. b4 Bg1 29. h3 Kd7 30. Kb3 Ke6 31. b5 axb5 32. Kb4 c6 33. Ka5 Bc5 34. g4 d4 35. Bb4 Bxb4+ 36. axb4 Kxe5 37. Kb6 f5 38. Kxb7 Kd5 0-1


[Site "https://www.chess.com"]

[Event "Titled Tuesday Blitz June 27 Early 2023"]
[White "gueraumasague"]
[Black "Vila Dupla, Aurelio"]
[BlackFideId "2203383"]
[WhiteElo "2455"]
[BlackElo "2217"]
[Result "1-0"]
[Round "3"]
[TimeControl "180+2"]
[Date "2023.06.27"]
[WhiteClock "0:00:18"]
[BlackClock "0:00:00"]
[Board "209"]

1. e4 c5 2. Nc3 d6 3. Bb5+ Nd7 4. a4 Nf6 5. f4 a6 6. Bc4 e6 7. Nf3 Be7 8. d3 O-O 9. O-O b6 10. Qe1 Bb7 11. Qg3 d5 12. exd5 Nxd5 13. Ne4 N7f6 14. c3 Qd7 15. Ne5 Qe8 16. f5 b5 17. Bxd5 Bxd5 18. Bh6 g6 19. fxe6 Nxe4 20. dxe4 Bxe6 21. Ng4 Bxg4 22. Qxg4 bxa4 23. e5 Qc8 24. Qc4 Qe6 25. Qxe6 fxe6 26. Bxf8 Bxf8 27. Rxa4 Rb8 28. Rf2 Rb6 29. Rd2 Kf7 30. Rd7+ Kg8 31. Rf4 1-0


[Site "https://www.chess.com"]

[Event "Titled Tuesday Blitz June 27 Early 2023"]
[White "Clawitter, Craig"]
[Black "whiteglovethief"]
[WhiteFideId "2023105"]
[WhiteElo "2207"]
[BlackElo "2432"]
[Result "0-1"]
[Round "3"]
[TimeControl "180+2"]
[Date "2023.06.27"]
[WhiteClock "0:00:00"]
[BlackClock "0:01:08"]
[Board "210"]

1. e4 d5 2. exd5 Qxd5 3. Nc3 Qa5 4. d4 Nf6 5. Nf3 Bg4 6. h3 Bxf3 7. Qxf3 c6 8. g4 e6 9. g5 Nd5 10. Bd2 Bb4 11. a3 Nd7 12. Bg2 Bxc3 13. bxc3 Qa4 14. Kd1 O-O 15. Bf1 b5 16. Bd3 N7b6 17. h4 Nc4 18. Qe4 g6 19. h5 Nxd2 20. Kxd2 Qa5 21. hxg6 Qxc3+ 22. Ke2 fxg6 23. Rxh7 Qxc2+ 24. Bxc2 Nc3+ 25. Ke3 Nxe4 0-1


[Site "https://www.chess.com"]

[Event "Titled Tuesday Blitz June 27 Early 2023"]
[White "Titichoca Daza, Daniel"]
[Black "Larina, Maria"]
[WhiteFideId "3309550"]
[BlackFideId "24113182"]
[WhiteElo "2426"]
[BlackElo "2207"]
[Result "1-0"]
[Round "3"]
[TimeControl "180+2"]
[Date "2023.06.27"]
[WhiteClock "0:00:11"]
[BlackClock "0:00:04"]
[Board "211"]

1. d4 f5 2. Nc3 Nf6 3. Bg5 d5 4. e3 e6 5. h4 Be7 6. Bxf6 Bxf6 7. g4 fxg4 8. Qxg4 e5 9. Qf3 e4 10. Qg3 O-O 11. O-O-O a6 12. Bh3 c6 13. Bxc8 Qxc8 14. Nh3 Nd7 15. Ng5 Kh8 16. Rdg1 Qe8 17. Ne2 Rg8 18. Nf4 Nf8 19. Nh5 Qxh5 20. Qg4 Qe8 21. Nh3 Qe6 22. Qg3 c5 23. h5 cxd4 24. Nf4 Qd7 25. Ng6+ Nxg6 26. hxg6 h6 27. Qf4 Rgf8 28. Kb1 dxe3 29. fxe3 Rac8 30. c3 b5 31. Rh5 b4 32. cxb4 Qc7 33. Qxc7 Rxc7 34. Rxd5 Rfc8 35. b3 Rc2 36. Rc5 Rb2+ 37. Kc1 Rxc5+ 38. bxc5 Rxa2 39. Rg4 Ra1+ 40. Kc2 Ra2+ 41. Kd1 Rb2 42. Rxe4 Ra2 43. Re8# 1-0


[Site "https://www.chess.com"]

[Event "Titled Tuesday Blitz June 27 Early 2023"]
[White "KSho99"]
[Black "Bochnicka, Vladimir"]
[BlackFideId "14943450"]
[WhiteElo "2199"]
[BlackElo "2421"]
[Result "1-0"]
[Round "3"]
[TimeControl "180+2"]
[Date "2023.06.27"]
[WhiteClock "0:00:07"]
[BlackClock "0:00:09"]
[Board "212"]

1. d4 Nf6 2. Nc3 d5 3. Bf4 c5 4. e4 dxe4 5. d5 g5 6. Bxg5 Bg7 7. Qd2 Nbd7 8. Nge2 Ne5 9. Ng3 Qa5 10. Ngxe4 Nxe4 11. Nxe4 Qxd2+ 12. Bxd2 Bf5 13. Bb5+ Kf8 14. Nxc5 Rc8 15. Nb3 a6 16. Be2 Bxc2 17. Rc1 Bf6 18. Nd4 Nf3+ 19. Bxf3 Bxd4 20. Be4 Bxe4 21. Rxc8+ Kg7 22. Rxh8 Kxh8 23. Bc3 Bxc3+ 24. bxc3 Bxd5 25. a3 Bxg2 26. Rg1 Be4 27. Ke2 Bg6 28. Ke3 Kg7 29. Kd4 Kf6 30. Kc5 Be4 31. Rg8 Ke5 32. Re8 e6 33. Re7 Kf6 34. Rc7 h5 35. Kd6 h4 36. Rc4 Kf5 37. f3 Bxf3 38. Rxh4 Kg5 39. Rh8 Bd5 40. Ke5 f6+ 41. Kd4 Bc6 42. Ke3 e5 43. h4+ Kg4 44. h5 f5 45. h6 f4+ 46. Kf2 Kh5 47. Re8 Kxh6 48. Rxe5 f3 49. Re6+ Kg5 50. Re7 Kf5 51. Rf7+ Ke5 52. Rh7 Kd6 53. Rh4 Kc5 54. Ke3 Kb6 55. Rh5 Bb5 56. Rh4 Be2 57. Kf2 Kb5 58. a4+ Kc5 59. a5 Kb5 60. Rh5+ Ka4 61. Rh7 Kxa5 62. Rxb7 Bb5 63. Rc7 Kb6 64. Rc8 Bc6 65. Rh8 a5 66. Rh4 a4 67. Rh1 a3 68. Ra1 Kc5 69. Rxa3 Kc4 70. Ke3 Bd5 71. Kf2 Be4 72. Ra4+ Kd3 73. Rd4+ Kxc3 74. Rxe4 Kd3 75. Re3+ Kd4 76. Rxf3 Kd5 77. Ke2 Ke6 78. Ke3 Kd6 79. Rf4 Kc5 80. Ke4 Kc6 81. Rf5 Kd6 82. Re5 Kd7 1-0


[Site "https://www.chess.com"]

[Event "Titled Tuesday Blitz June 27 Early 2023"]
[White "Ruge, Edison"]
[Black "Tanmay Jain"]
[WhiteFideId "4401000"]
[BlackFideId "45015481"]
[WhiteElo "2199"]
[BlackElo "2419"]
[Result "1/2-1/2"]
[Round "3"]
[TimeControl "180+2"]
[Date "2023.06.27"]
[WhiteClock "0:00:13"]
[BlackClock "0:00:16"]
[Board "213"]

1. e4 c5 2. Nf3 d6 3. d3 Nf6 4. Nbd2 Nc6 5. g3 g6 6. Bg2 Bg7 7. h4 Bg4 8. O-O O-O 9. c3 Qd7 10. Re1 e5 11. Nc4 b5 12. Ne3 Be6 13. Qc2 h6 14. Nh2 d5 15. Nxd5 Nxd5 16. exd5 Bxd5 17. Bxd5 Qxd5 18. Ng4 h5 19. Ne3 Qe6 20. Qb3 Qxb3 21. axb3 Rfd8 22. Rd1 Rd7 23. Ra6 Nd8 24. c4 Rb8 25. Nd5 Ne6 26. Be3 bxc4 27. dxc4 Rdb7 28. Rda1 Rxb3 29. Rxa7 Rxb2 30. Rd7 Rb1+ 31. Rxb1 Rxb1+ 32. Kg2 Rb2 33. Nc7 Nd4 34. Rd8+ Kh7 35. Rd7 Kg8 36. Rd8+ Kh7 37. Rd7 Rc2 38. Rxf7 Kg8 39. Rd7 Rxc4 40. Ne8 Bh8 41. Bh6 Nf5 42. Bg5 Rc2 43. Nc7 Bg7 44. Ne6 c4 45. Rd8+ Kf7 46. Nc5 c3 47. Rd7+ Kg8 48. Ne4 Re2 49. Rd8+ Kh7 50. Nd6 Nxd6 51. Rxd6 c2 52. Rc6 e4 53. Kf1 c1=Q+ 54. Rxc1 Ra2 55. Rc7 Ra1+ 56. Kg2 Ra8 57. Be3 Rg8 58. Bd4 Kh6 59. Rxg7 Rxg7 60. Bxg7+ Kxg7 61. Kf1 Kf6 62. Ke2 Ke5 63. Ke3 Kf5 64. f3 exf3 65. Kxf3 g5 66. hxg5 Kxg5 67. g4 h4 68. Kg2 Kxg4 69. Kh2 Kf4 70. Kh1 Kg5 71. Kh2 Kg4 72. Kg2 h3+ 73. Kh2 Kh4 74. Kh1 Kg3 75. Kg1 h2+ 76. Kh1 Kh3 1/2-1/2


[Site "https://www.chess.com"]

[Event "Titled Tuesday Blitz June 27 Early 2023"]
[White "Large, Peter G"]
[Black "Wesolowska, Hanna"]
[WhiteFideId "400866"]
[BlackFideId "1104683"]
[WhiteElo "2418"]
[BlackElo "2196"]
[Result "1-0"]
[Round "3"]
[TimeControl "180+2"]
[Date "2023.06.27"]
[WhiteClock "0:02:40"]
[BlackClock "0:00:01"]
[Board "214"]

1. e4 c5 2. Nc3 d6 3. Nf3 Nf6 4. d4 cxd4 5. Nxd4 a6 6. Bc4 g6 7. f3 Bg7 8. Be3 O-O 9. Qd2 b5 10. Bb3 Bb7 11. h4 h5 12. Bh6 Nbd7 13. Bxg7 Kxg7 14. g4 hxg4 15. h5 gxh5 16. Qg5+ Kh7 17. Rxh5+ Nxh5 18. Qxh5+ Kg7 19. Qg5+ Kh7 20. O-O-O 1-0


[Site "https://www.chess.com"]

[Event "Titled Tuesday Blitz June 27 Early 2023"]
[White "Srdanovic, Jovana"]
[Black "Sariego Figueredo, Wilfredo"]
[WhiteFideId "954810"]
[BlackFideId "3500080"]
[WhiteElo "2418"]
[BlackElo "2191"]
[Result "0-1"]
[Round "3"]
[TimeControl "180+2"]
[Date "2023.06.27"]
[WhiteClock "0:00:08"]
[BlackClock "0:00:41"]
[Board "215"]

1. d4 d5 2. c4 c6 3. Nc3 Nf6 4. Nf3 a6 5. e3 e6 6. Qc2 Be7 7. b3 O-O 8. Bb2 Re8 9. Bd3 dxc4 10. bxc4 b5 11. a3 Bb7 12. O-O Nbd7 13. Rab1 Rb8 14. Rfd1 h6 15. e4 Qa5 16. e5 bxc4 17. Bxc4 Nd5 18. Ne4 N7b6 19. Ba2 Rec8 20. Rbc1 Na4 21. Bb1 Nxb2 22. Qxb2 Qxa3 23. Qc2 Nb4 24. Qe2 Nd5 25. Nc5 Bxc5 26. dxc5 Nc3 27. Qd3 Nxb1 28. Qxb1 Ba8 29. Qe4 Rd8 30. h4 Rxd1+ 31. Rxd1 Qxc5 32. h5 Qb4 33. Rd7 Qxe4 0-1


[Site "https://www.chess.com"]

[Event "Titled Tuesday Blitz June 27 Early 2023"]
[White "Rangel, Daniel"]
[Black "Nilssen, Ellen Fredericia"]
[WhiteFideId "2124475"]
[BlackFideId "1441230"]
[WhiteElo "2415"]
[BlackElo "2186"]
[Result "1-0"]
[Round "3"]
[TimeControl "180+2"]
[Date "2023.06.27"]
[WhiteClock "0:00:39"]
[BlackClock "0:00:02"]
[Board "216"]

1. e4 c6 2. c4 d5 3. cxd5 cxd5 4. exd5 Nf6 5. Nc3 Nxd5 6. Bc4 e6 7. Nf3 Nc6 8. O-O Be7 9. d4 Nf6 10. Re1 O-O 11. Bg5 Re8 12. a3 h6 13. Bh4 b6 14. Qd3 Bb7 15. Bb3 Nd5 16. Bg3 Bf6 17. Bc2 g6 18. h4 h5 19. Nb5 Rc8 20. Nd6 Re7 21. Nxc8 Qxc8 22. Rac1 Ba6 23. Qd2 Qd7 24. Ne5 Nxe5 25. Bxe5 Bxh4 26. Qh6 Bf6 27. Bxg6 fxg6 28. Bxf6 Nxf6 29. Qxg6+ Rg7 30. Qxf6 Bb7 31. Qxe6+ Qxe6 32. Rxe6 Rxg2+ 33. Kf1 Rg7 34. Rc3 h4 35. Rh6 h3 36. Rg3 Bg2+ 37. Ke2 1-0


[Site "https://www.chess.com"]

[Event "Titled Tuesday Blitz June 27 Early 2023"]
[White "Omariev, Maksim"]
[Black "ilya2700"]
[WhiteFideId "4193423"]
[WhiteElo "2415"]
[BlackElo "2176"]
[Result "1-0"]
[Round "3"]
[TimeControl "180+2"]
[Date "2023.06.27"]
[WhiteClock "0:00:04"]
[BlackClock "0:00:10"]
[Board "217"]

1. g4 c5 2. Bg2 e6 3. d3 d5 4. Nc3 Nc6 5. h4 h6 6. e4 Nf6 7. g5 hxg5 8. hxg5 Rxh1 9. Bxh1 d4 10. Nce2 Nd7 11. Ng3 b6 12. g6 f6 13. Bd2 Bb7 14. Bg2 Qc7 15. Bh3 e5 16. Qh5 O-O-O 17. N1e2 Kb8 18. a3 Ne7 19. b3 b5 20. a4 b4 21. Bxd7 Qxd7 22. f4 Nc6 23. Qf5 Qc7 24. Kf2 Bd6 25. Qg4 Rh8 26. f5 Qd8 27. Rh1 a5 28. Rh5 Bc8 29. Qh4 Rxh5 30. Qxh5 Bf8 31. Qh7 Qe7 32. Nh5 Bb7 33. Neg3 Bc8 34. Qg8 Bb7 35. Qc4 Ka7 36. Qg8 Bc8 37. Nf1 Ba6 38. Nh2 Bb7 39. Ng4 Nd8 40. Qc4 Ba6 41. Qg8 Bb7 42. Ngxf6 gxf6 43. g7 Bxg7 44. Qxg7 Qd6 45. Qxf6 Qc7 46. Bg5 Qh7 47. Ng3 Qh2+ 48. Kf3 Nc6 49. Qh6 Qxc2 50. f6 Qxd3+ 51. Kg4 Qxe4+ 52. Nxe4 d3 53. Nxc5 Nd4 54. Bd2 Ne2 55. Kg5 Nd4 56. Kg6 Ne6 57. f7 Nxc5 58. f8=Q Ne6 59. Qd6 Nf4+ 60. Kg7 Be4 61. Bxf4 d2 62. Qc5+ Kb7 63. Bxd2 Kb8 64. Qhb6+ Ka8 65. Qa7# 1-0


[Site "https://www.chess.com"]

[Event "Titled Tuesday Blitz June 27 Early 2023"]
[White "Luxama, Jacques Muller"]
[Black "Gulkov, Igor A."]
[WhiteFideId "11900113"]
[BlackFideId "4120973"]
[WhiteElo "2171"]
[BlackElo "2413"]
[Result "1-0"]
[Round "3"]
[TimeControl "180+2"]
[Date "2023.06.27"]
[WhiteClock "0:00:48"]
[BlackClock "0:00:00"]
[Board "218"]

1. e4 c5 2. Nf3 d6 3. Bb5+ Bd7 4. Bxd7+ Qxd7 5. O-O Nf6 6. Re1 Nc6 7. c3 e6 8. d4 cxd4 9. cxd4 d5 10. e5 Ne4 11. Nbd2 Nxd2 12. Bxd2 Be7 13. a3 O-O 14. h4 h6 15. Qe2 f5 16. exf6 Rxf6 17. b4 a6 18. Rab1 Bd6 19. a4 Raf8 20. Bc3 Ne7 21. b5 Ra8 22. Bb4 Nf5 23. Bxd6 Nxd6 24. Ne5 Qd8 25. Ng4 Ne4 26. Nxf6+ Qxf6 27. bxa6 Rxa6 28. Rxb7 Rxa4 29. f3 Qxd4+ 30. Qe3 Qxe3+ 31. Rxe3 Ra1+ 32. Kh2 Nc5 33. Rc7 Rc1 34. Rxe6 Nxe6 35. Rxc1 Kf7 36. Rc6 d4 37. Rd6 Kf6 38. Kg3 Ke5 39. Rd7 g6 40. Kf2 h5 41. g3 Kf5 42. Rd5+ Kf6 43. f4 Kf7 44. Kf3 Kf6 45. Ke4 Kf7 46. Ke5 1-0


[Site "https://www.chess.com"]

[Event "Titled Tuesday Blitz June 27 Early 2023"]
[White "Gatterer, Florian"]
[Black "Ivanova, Karina"]
[WhiteFideId "811688"]
[BlackFideId "24139750"]
[WhiteElo "2412"]
[BlackElo "2168"]
[Result "1/2-1/2"]
[Round "3"]
[TimeControl "180+2"]
[Date "2023.06.27"]
[WhiteClock "0:00:41"]
[BlackClock "0:00:04"]
[Board "219"]

1. b3 e5 2. Bb2 Nc6 3. e3 Nf6 4. Nf3 Bd6 5. d4 exd4 6. Nxd4 Nxd4 7. Bxd4 O-O 8. Be2 c6 9. O-O Bc7 10. c4 d5 11. Nc3 dxc4 12. bxc4 Bf5 13. h3 Qd6 14. f4 c5 15. Bxf6 Qxf6 16. Nd5 Qd6 17. Nxc7 Qxc7 18. Bf3 Rad8 19. Qb3 b6 20. Rad1 Rfe8 21. Bd5 Qe7 22. Rfe1 Be4 23. a4 Bxd5 24. Rxd5 Rxd5 25. cxd5 f5 26. a5 Qd6 27. axb6 axb6 28. Kf2 Rd8 29. Rb1 Qxd5 30. Qxd5+ Rxd5 31. Rxb6 Rd2+ 32. Kf3 g6 33. Rb7 c4 34. Rc7 Rc2 35. g4 Rh2 36. Kg3 Re2 37. Rxc4 Rxe3+ 38. Kh4 fxg4 39. hxg4 Re7 40. Rc6 Kg7 41. Rb6 h6 42. Ra6 Rf7 43. Kg3 Re7 44. Rc6 Re3+ 45. Kf2 Re7 46. Kf3 Rf7 47. Ke4 Re7+ 48. Kd4 Rf7 49. Ke5 Re7+ 50. Re6 Rf7 51. f5 gxf5 52. gxf5 h5 53. Rg6+ Kh7 54. Rg2 Rg7 55. Rh2 Kh6 56. Ke6 Rg1 57. f6 Re1+ 58. Kf7 Kg5 59. Kg7 h4 60. Rg2+ Kh5 61. f7 Re7 62. Kf6 Rxf7+ 63. Kxf7 h3 64. Rg8 Kh4 65. Kf6 h2 66. Kf5 Kh3 67. Kf4 h1=Q 68. Rh8+ Kg2 69. Rxh1 Kxh1 1/2-1/2


[Site "https://www.chess.com"]

[Event "Titled Tuesday Blitz June 27 Early 2023"]
[White "Samarth J Rao"]
[Black "Dinu, Dumitru-Daniel"]
[WhiteFideId "46652370"]
[BlackFideId "1208403"]
[WhiteElo "2167"]
[BlackElo "2411"]
[Result "1-0"]
[Round "3"]
[TimeControl "180+2"]
[Date "2023.06.27"]
[WhiteClock "0:01:12"]
[BlackClock "0:00:04"]
[Board "220"]

1. d4 Nf6 2. Nf3 e6 3. e3 b6 4. Bd3 Bb7 5. Nbd2 c5 6. O-O Nc6 7. c3 d6 8. Qe2 Be7 9. e4 cxd4 10. Nxd4 O-O 11. Re1 Rc8 12. N2f3 a6 13. Nxc6 Bxc6 14. Bxa6 Ra8 15. Bd3 Qc7 16. Bf4 e5 17. Bg5 h6 18. Bxf6 Bxf6 19. Bb5 d5 20. Bxc6 Qxc6 21. exd5 Qxd5 22. Qe4 Qe6 23. a3 Rfe8 24. Rad1 Qb3 25. Rd2 Rad8 26. Qc2 Qb5 27. Red1 Rxd2 28. Qxd2 e4 29. Nd4 Qc4 30. Qe2 Qc5 31. Qb5 Rd8 32. Qb4 Bxd4 33. Rxd4 Rxd4 34. Qxd4 Qb5 35. Qd2 Qb3 36. f3 exf3 37. gxf3 b5 38. Kf2 Kh7 39. Qd3+ g6 40. Qe2 h5 41. Kg2 Kg7 42. Kg3 Kh7 43. h4 Kg7 44. Qe5+ Kh7 45. Qe7 Kg7 46. Qb4 Qd1 47. Qd4+ Qxd4 48. cxd4 Kf6 49. Kf4 Ke6 50. b3 Kd5 51. Ke3 g5 52. hxg5 h4 53. a4 bxa4 54. bxa4 h3 55. Kf2 Kxd4 56. Kg3 Kc4 57. f4 Kb4 58. f5 Kxa4 59. g6 1-0


[Site "https://www.chess.com"]

[Event "Titled Tuesday Blitz June 27 Early 2023"]
[White "campochess"]
[Black "Mateus, Alejandro"]
[BlackFideId "4402529"]
[WhiteElo "2163"]
[BlackElo "2409"]
[Result "0-1"]
[Round "3"]
[TimeControl "180+2"]
[Date "2023.06.27"]
[WhiteClock "0:00:00"]
[BlackClock "0:00:04"]
[Board "221"]

1. d4 d5 2. Bg5 h6 3. Bh4 c5 4. c3 Nc6 5. e3 Bf5 6. Bd3 Bxd3 7. Qxd3 Qb6 8. Qe2 e6 9. Nf3 Be7 10. Bxe7 Ngxe7 11. O-O O-O 12. a4 Rac8 13. Na3 a6 14. Rab1 c4 15. Nc2 Nf5 16. e4 Nd6 17. exd5 exd5 18. Ne5 Rfe8 19. Ne3 Nxe5 20. Nxd5 Qa5 21. dxe5 Qxd5 22. Rbd1 Qe4 23. Qd2 Nf5 24. Rfe1 Qg4 25. h3 Qg6 26. Qf4 b5 27. axb5 axb5 28. Rd5 Rb8 29. Rd7 Qg5 30. Qe4 Rbd8 31. Red1 Rxd7 32. Rxd7 Nh4 33. f4 Qf5 34. Qxf5 Nxf5 35. Rb7 g5 36. g4 Ne3 37. fxg5 Rxe5 38. gxh6 Nd1 39. Kh2 Nxb2 40. h4 Nd1 41. Kg3 Nxc3 42. Kf4 Rd5 43. g5 Ne2+ 44. Ke4 Nc3+ 45. Kf4 Rd4+ 46. Kf5 Rd5+ 47. Kg4 Rd6 48. h5 Rd4+ 49. Kf5 Rd6 50. g6 Rd5+ 51. Kg4 fxg6 52. hxg6 Rd8 53. Kf5 Nd5 54. Ke6 c3 55. h7+ Kh8 56. Kf7 c2 0-1


[Site "https://www.chess.com"]

[Event "Titled Tuesday Blitz June 27 Early 2023"]
[White "Mrudul Dehankar"]
[Black "Dahlgren, James Allen"]
[WhiteFideId "25096990"]
[BlackFideId "22256873"]
[WhiteElo "2408"]
[BlackElo "2159"]
[Result "1-0"]
[Round "3"]
[TimeControl "180+2"]
[Date "2023.06.27"]
[WhiteClock "0:00:09"]
[BlackClock "0:00:07"]
[Board "222"]

1. e4 e6 2. d4 c5 3. d5 d6 4. Nf3 Nf6 5. Nc3 e5 6. a4 Be7 7. Bd3 O-O 8. h3 g6 9. Bh6 Re8 10. g4 Bf8 11. Bg5 h6 12. Be3 g5 13. Qd2 Nh7 14. Ne2 f6 15. Ng3 Bg7 16. Ng1 Nd7 17. N1e2 Ndf8 18. f3 Ng6 19. Kf2 Nf4 20. Bxf4 exf4 21. Nf5 Nf8 22. h4 Ng6 23. Rag1 Bxf5 24. gxf5 Nxh4 25. Nxf4 gxf4 26. Rxh4 Kf7 27. Qxf4 Rg8 28. Qg4 Ke7 29. Qh3 Qf8 30. Rhg4 Kd7 31. Rg6 Re8 32. Qg4 Re7 33. Qh5 Kc7 34. Bc4 a6 35. c3 Kb8 36. Qg4 Ka7 37. Qf4 Re5 38. Qe3 Re8 39. b4 Rc8 40. b5 a5 41. b6+ Kxb6 42. Qc1 Ka7 43. Qb2 Qe7 44. Qb5 Qc7 45. Qb3 Rcd8 46. Rb1 Rd7 47. Bb5 Re7 48. Qc4 Ra8 49. Rbg1 Kb8 50. Ke3 b6 51. Bc6 Ra7 52. Rb1 Qd8 53. Qb5 Rab7 54. Bxb7 Kxb7 55. Qc6+ Ka7 56. Qb5 Qc7 57. Rbg1 Qb7 58. Qc6 Qxc6 59. dxc6 Bf8 60. Rg8 Rf7 61. R1g6 Kb8 62. Rh8 Kc7 63. Rgg8 Be7 64. Rc8# 1-0


[Site "https://www.chess.com"]

[Event "Titled Tuesday Blitz June 27 Early 2023"]
[White "Tarnowska, Aleksandra"]
[Black "Kopczynski, Michal"]
[WhiteFideId "1180967"]
[BlackFideId "1124200"]
[WhiteElo "2154"]
[BlackElo "2407"]
[Result "0-1"]
[Round "3"]
[TimeControl "180+2"]
[Date "2023.06.27"]
[WhiteClock "0:00:02"]
[BlackClock "0:01:01"]
[Board "223"]

1. e4 b6 2. d4 Bb7 3. Nc3 e6 4. f4 Nf6 5. Bd3 d5 6. e5 Ne4 7. Nf3 Bb4 8. Bd2 Nxd2 9. Qxd2 c5 10. a3 cxd4 11. Nxd4 Bc5 12. Nce2 O-O 13. O-O Ba6 14. b4 Bxd3 15. Qxd3 Be7 16. Rf3 g6 17. Rh3 Qc8 18. Ng3 Qc4 19. Qe3 Rc8 20. Rd1 Qc3 21. Qf2 Nc6 22. f5 Nxd4 23. fxg6 fxg6 24. Rxd4 Qa1+ 25. Nf1 Rxc2 26. Qh4 Bxh4 27. Rdxh4 Rf8 28. Rxh7 Rxf1# 0-1


[Site "https://www.chess.com"]

[Event "Titled Tuesday Blitz June 27 Early 2023"]
[White "BenchGM"]
[Black "Mangialardo, Tiago Carvalho"]
[BlackFideId "2130718"]
[WhiteElo "2405"]
[BlackElo "2148"]
[Result "1-0"]
[Round "3"]
[TimeControl "180+2"]
[Date "2023.06.27"]
[WhiteClock "0:00:27"]
[BlackClock "0:00:00"]
[Board "224"]

1. e4 Nf6 2. e5 Nd5 3. d4 d6 4. exd6 exd6 5. c4 Nb6 6. Nc3 Be7 7. h3 O-O 8. Nf3 Bf5 9. Be2 Nc6 10. O-O Bf6 11. Be3 d5 12. b3 Qd7 13. c5 Nc8 14. a3 a5 15. Nb5 Re8 16. Bf4 Bd8 17. Ne5 Nxe5 18. Bxe5 c6 19. Nd6 Nxd6 20. cxd6 Bf6 21. f4 Be4 22. Bg4 1-0


[Site "https://www.chess.com"]

[Event "Titled Tuesday Blitz June 27 Early 2023"]
[White "VoicelessFeather"]
[Black "Luukkonen, Tommi"]
[BlackFideId "501808"]
[WhiteElo "2142"]
[BlackElo "2405"]
[Result "0-1"]
[Round "3"]
[TimeControl "180+2"]
[Date "2023.06.27"]
[WhiteClock "0:00:29"]
[BlackClock "0:01:39"]
[Board "225"]

1. e4 c5 2. Nf3 d6 3. Bb5+ Nd7 4. c3 Nf6 5. Bd3 Qc7 6. O-O e6 7. Bc2 c4 8. b3 cxb3 9. axb3 Be7 10. d4 O-O 11. Ba3 Rd8 12. e5 Nd5 13. c4 Nf4 14. exd6 Bxd6 15. c5 Be7 16. Nc3 Nf6 17. Ne5 Ng6 18. Nc4 Bd7 19. Ne4 Nxe4 20. Bxe4 Bc6 21. Bxc6 Qxc6 22. Bb2 Bf6 23. Qg4 Rd5 24. Ne3 Rg5 25. Qe2 Nf4 26. Qd2 Rxg2+ 27. Kh1 Rg1+ 0-1


[Site "https://www.chess.com"]

[Event "Titled Tuesday Blitz June 27 Early 2023"]
[White "Szyszylo, Rafal"]
[Black "le-castor-faineant"]
[WhiteFideId "1109626"]
[WhiteElo "2401"]
[BlackElo "2138"]
[Result "0-1"]
[Round "3"]
[TimeControl "180+2"]
[Date "2023.06.27"]
[WhiteClock "0:00:00"]
[BlackClock "0:00:09"]
[Board "226"]

1. e4 e5 2. Bc4 Nf6 3. Nc3 Bc5 4. d3 c6 5. Qf3 d5 6. exd5 Bg4 7. Qg3 h5 8. Qxe5+ Kd7 9. dxc6+ Kxc6 10. Be3 Nbd7 11. Qg5 Re8 12. Kd2 Re5 13. Qxg7 Bxe3+ 14. fxe3 Qe7 15. Qxf7 Qd6 16. Nf3 Rf8 17. Qg7 Bxf3 18. gxf3 Rxe3 19. Kxe3 Qe5+ 20. Ne4 Ng4+ 21. fxg4 Qxg7 22. g5 Nc5 23. h4 Nxe4 24. dxe4 Qxb2 25. Bd5+ Kc7 26. Rhf1 Qc3+ 27. Ke2 Qxc2+ 28. Ke3 Qc3+ 29. Ke2 Qb2+ 30. Kd3 Qa3+ 31. Bb3 Qa6+ 32. Bc4 Rd8+ 33. Kc3 Qa3+ 34. Bb3 Qc5+ 35. Kb2 Rd2+ 36. Kb1 Qd4 37. Rc1+ Kb8 38. Rc2 Rd1+ 39. Rc1 Rxc1+ 40. Kxc1 Qxa1+ 41. Kd2 Qe5 42. Ke3 Qg3+ 43. Kd4 Qxh4 44. g6 Qf6+ 45. e5 Qxg6 46. e6 Qf6+ 47. Kd5 Qe7 48. Ke5 h4 49. Kf4 h3 50. Kg3 Qh7 51. Kh2 Kc7 52. e7 Kd7 53. Bc2 Qxc2+ 54. Kxh3 Kxe7 55. Kg4 Qxa2 56. Kf4 Qc2 0-1


[Site "https://www.chess.com"]

[Event "Titled Tuesday Blitz June 27 Early 2023"]
[White "Flis, Pawel"]
[Black "Koepke, Christian"]
[WhiteFideId "1112864"]
[BlackFideId "4655737"]
[WhiteElo "2135"]
[BlackElo "2400"]
[Result "0-1"]
[Round "3"]
[TimeControl "180+2"]
[Date "2023.06.27"]
[WhiteClock "0:00:14"]
[BlackClock "0:00:15"]
[Board "227"]

1. e4 c6 2. d4 d5 3. exd5 cxd5 4. c4 Nf6 5. Nc3 e6 6. Nf3 Bb4 7. Bd3 dxc4 8. Bxc4 O-O 9. O-O b6 10. Re1 Bb7 11. Be3 Nbd7 12. Qa4 Bxc3 13. bxc3 Bxf3 14. gxf3 a6 15. Bd3 b5 16. Qc2 h6 17. Rab1 Rc8 18. Bd2 Nd5 19. Qb3 N7b6 20. Rbc1 Nc4 21. Qd1 Nb2 22. Qc2 Nxd3 23. Qxd3 Qf6 24. Qe4 Rc4 25. Rc2 Rfc8 26. Rec1 Qf5 27. a3 Ra4 28. Ra2 Nf6 29. Qb7 Rac4 30. Rac2 Kh7 31. Kg2 R8c6 32. Qa8 Nd5 33. Kg3 e5 34. dxe5 Rg6+ 35. Bg5 Rxg5# 0-1


[Site "https://www.chess.com"]

[Event "Titled Tuesday Blitz June 27 Early 2023"]
[White "Pinto, Daniel"]
[Black "deloewre"]
[WhiteFideId "3303144"]
[WhiteElo "2399"]
[BlackElo "2125"]
[Result "1-0"]
[Round "3"]
[TimeControl "180+2"]
[Date "2023.06.27"]
[WhiteClock "0:00:07"]
[BlackClock "0:00:00"]
[Board "228"]

1. e4 c5 2. Nf3 Nc6 3. Bb5 e6 4. O-O Nge7 5. Re1 Nd4 6. Nxd4 cxd4 7. c3 Nc6 8. d3 Bc5 9. Qg4 O-O 10. Bg5 f6 11. Bh6 Qe7 12. Nd2 Kh8 13. Bf4 e5 14. Bg3 d5 15. Qh4 dxc3 16. bxc3 d4 17. Rac1 dxc3 18. Rxc3 Bb4 19. Nb1 Bxc3 20. Nxc3 Be6 21. Nd5 Bxd5 22. exd5 Nd8 23. Qa4 Nf7 24. Bc4 a6 25. Bb3 b5 26. Qa5 Nd6 27. d4 e4 28. Qb4 Rfd8 29. f3 f5 30. Be5 exf3 31. gxf3 Qg5+ 32. Kh1 Nf7 33. Rg1 Qxg1+ 34. Kxg1 Rd7 35. d6 Rad8 36. Be6 Nxe5 37. dxe5 Ra7 38. Bxf5 g6 39. Be4 1-0


[Site "https://www.chess.com"]

[Event "Titled Tuesday Blitz June 27 Early 2023"]
[White "Floresvillar Gonzalez, Luis Migu"]
[Black "Molina Carretero, Daniel"]
[WhiteFideId "5100542"]
[BlackFideId "32071914"]
[WhiteElo "2124"]
[BlackElo "2396"]
[Result "0-1"]
[Round "3"]
[TimeControl "180+2"]
[Date "2023.06.27"]
[WhiteClock "0:00:00"]
[BlackClock "0:00:09"]
[Board "229"]

1. e4 c5 2. d4 cxd4 3. c3 d3 4. Bxd3 Nc6 5. Nf3 g6 6. c4 Bg7 7. Nc3 Nf6 8. O-O d6 9. Bg5 Bg4 10. h3 Bxf3 11. Qxf3 h6 12. Bf4 O-O 13. Nd5 Nd7 14. b3 Bxa1 15. Rxa1 Kg7 16. Bc2 e5 17. Qc3 Nf6 18. Be3 Nxd5 19. exd5 Ne7 20. f4 f6 21. Rf1 Rc8 22. Qd3 f5 23. fxe5 dxe5 24. d6 Nc6 25. c5 Qf6 26. Bd2 Rfd8 27. Bc3 a5 28. a3 Nd4 29. Bd1 Rxc5 30. b4 axb4 31. Bxb4 Rd5 32. Bb3 e4 33. Qc4 R5xd6 34. Bxd6 Qxd6 35. Rd1 Qf6 36. Qc7+ Kh8 37. Qxb7 Ne2+ 38. Kf2 Rxd1 39. Bxd1 Nd4 40. Qc8+ Kh7 41. Qd7+ Qg7 42. Qxg7+ Kxg7 43. a4 Kf6 44. Ke3 Nc6 45. Be2 Ke5 46. g3 g5 47. Bb5 f4+ 48. gxf4+ gxf4+ 49. Kf2 Na5 50. h4 Kd4 0-1


[Site "https://www.chess.com"]